 Dungeon Crawl Stone Soup version 0.30-a0-358-g0d69a1922f (webtiles) character file.

Game seed: 5625178283048590609

0 mopl the Grasshopper (level 1, -2/16 HPs)
             Began as a Formicid Warper on Nov 9, 2022.
             Frozen to death by an endoplasm (4 damage)
             ... on level 1 of the Dungeon.
             The game lasted 00:00:41 (165 turns).

mopl the Grasshopper (Formicid Warper)               Turns: 165, Time: 00:00:42

Health: -2/16      AC:  3    Str: 15    XL:     1   Next: 11%
Magic:  3/3        EV: 11    Int: 12    God:
Gold:   24         SH:  0    Dex: 13    Spells: 4/4 levels left

rFire   . . .      SeeInvis +    a - +0 hand axe
rCold   . . .      Faith    .    (no shield)
rNeg    . . .      Spirit   .    b - +0 leather armour
rPois   .          Reflect  .    (helmet unavailable)
rElec   .          Harm     .    (no cloak)
rCorr   .          Rampage  .    (no gloves)
Will    .....                    (no boots)
Stlth   +.........               (no amulet)
HPRegen 0.22/turn                (no ring)
MPRegen 0.08/turn                (no ring)

@: no status effects
A: permanent stasis, dig shafts and tunnels, antennae 3, four strong arms
a: Dig, Shaft Self


You were on level 1 of the Dungeon.
You visited 1 branch of the dungeon, and saw 1 of its levels.

You collected 24 gold pieces.

Inventory:

Hand Weapons
 a - a +0 hand axe (weapon)
Missiles
 c - 7 boomerangs of dispersal (quivered)
Armour
 b - a +0 leather armour (worn)
Scrolls
 d - a scroll of noise {unknown}


   Skills:
 + Level 2.2 Fighting
 * Level 2.0 Axes
 + Level 1.0 Throwing
 + Level 1.1 Armour
 + Level 1.7 Dodging
 + Level 2.2 Spellcasting
 + Level 2.6 Translocations


You had 4 spell levels left.
You didn't know any spells.
Your spell library contained the following spells:

 Spells                   Type           Power      Damage    Failure   Level
 Lesser Beckoning         Tloc           14%        N/A       32%         3
 Teleport Other           Tloc           7%         N/A       32%         3
 Vhi's Electric Charge    Tloc/Air       8%         N/A       50%         3
 Hailstorm                Conj/Ice       1%         3d3       69%         3
 Manifold Assault         Tloc           7%         N/A       73%         4
 Ice Form                 Ice/Tmut       1%         N/A       97%         4
 Simulacrum               Ice/Necr       0%         N/A       100%        6
 Blink                    Tloc           Unusable   N/A       N/A         2

Dungeon Overview and Level Annotations

Branches:
Dungeon (1/15)

Altars:


Innate Abilities, Weirdness & Mutations

You cannot be hasted, slowed, berserked, paralysed or teleported.
You can dig through walls and to a lower floor.
You have a pair of large antennae on your head. (SInv)
Your four strong arms can wield two-handed weapons with a shield.


Message History

The endoplasm quivers.
A rat comes into view.
The goblin hits you with a +2 dagger of flaming.
The goblin burns you.
You barely miss the goblin.
The goblin hits you with a +2 dagger of flaming.
The goblin burns you. The goblin completely misses you.
You are too injured to fight recklessly!
You are too injured to fight recklessly!
You are too injured to fight recklessly!
You are too injured to fight recklessly!
You are too injured to fight recklessly!
You are too injured to fight recklessly!
You are too injured to fight recklessly!
You are too injured to fight recklessly!
You are too injured to fight recklessly!
You are too injured to fight recklessly!
You are too injured to fight recklessly!
You are too injured to fight recklessly!
You are too injured to fight recklessly!
You are too injured to fight recklessly!
You are too injured to fight recklessly!
You are too injured to fight recklessly!
You are too injured to fight recklessly!
You are too injured to fight recklessly!
You closely miss the goblin.
The goblin hits you with a +2 dagger of flaming.
The goblin burns you.
* * * LOW HITPOINT WARNING * * *
Unknown command.
You barely miss the goblin. The goblin barely misses you.
You miss the goblin. You hit the endoplasm.
A goblin comes into view. It is wielding a +0 dagger.
The goblin hits you with a +2 dagger of flaming.
* * * LOW HITPOINT WARNING * * *
The goblin burns you.
* * * LOW HITPOINT WARNING * * *
The endoplasm freezes you.
You are frozen.
You die...

#..........
###...##..... #
#........†..~ #g
#.########.~. #.. #.##.#
###.~. #..
##+####....###.....
###..#...##.#...##..~~~~
......J...#.#.##...~....
.#.g@..#......~~....~
#........###..~.......
########.......~~~~~..
####...........
#######...........
........########## {
..............# #.
...........##.# #.
............#.# #.


You could see an endoplasm and 2 goblins.

Vanquished Creatures
  A bat (D:1)
1 creature vanquished.

Notes
Turn   | Place    | Note
-------+----------+-------------------------------------------
     0 | D:1      | mopl the Formicid Warper began the quest for the Orb.
     0 | D:1      | Reached XP level 1. HP: 16/16 MP: 3/3
    32 | D:1      | Found a faded altar of an unknown god.
   165 | D:1      | Frozen to death by an endoplasm

Illustrated notes

Levels and vault maps discovered:
D:1:      ebering_trefoil_3fold, layout_basic, basic_ecumenical_altar,
          amethyst_killhole, nicolae_figureground_sparkle

Action                   || total
-------------------------++-------
Melee: Hand axe          ||    13
Armor: Leather armour    ||     6
Dodge: Dodged            ||    14

Table legend: (Time is in decaauts)
 A = Elapsed time spent in this place.
 B = Non-inter-level travel time spent in this place.
 C = Inter-level travel time spent in this place.
 D = Time resting spent in this place.
 E = Time spent auto-exploring this place.
 F = Levels seen in this place.
 G = Mean time per level.
                   A        B        C        D        E       F      G
               +--------+--------+--------+--------+--------+-----+--------+
         Total |    167 |    167 |      0 |      0 |    131 |   1 |  167.0 |
       Dungeon |    167 |    167 |      0 |      0 |    131 |   1 |  167.0 |
               +--------+--------+--------+--------+--------+-----+--------+

Top non-repeatable levels by time:
     D:1: 167 daAuts
